 Dungeon Crawl Stone Soup version 0.17-a0-1804-gf6433eb (webtiles) character file.

804 wvc the Basher (level 7, -2/71 HPs)
             Began as an Ogre Wizard on Sept 11, 2015.
             Was a Follower of Cheibriados.
             Splashed by a jelly's acid (5 damage)
             ... on level 5 of the Dungeon.
             The game lasted 00:19:00 (7990 turns).

wvc the Basher (Ogre Wizard)                        Turns: 7990, Time: 00:19:00

Health: -2/71      AC: -1    Str: 16    XL:     7   Next: 91%
Magic:  12/12      EV: 10    Int: 22    God:    Cheibriados [*.....]
Gold:   236        SH:  0    Dex: 11    Spells: 5 memorised, 2 levels left

rFire  . . .     SeeInvis .     f - +3 flail (protect)
rCold  . . .     Clarity  .     a - +0 robe
rNeg   . . .     SustAt   .     (no shield)
rPois  .         Gourm    .     b - +1 hat
rElec  .         Spirit   .     (no cloak)
rCorr  .         Warding  .     (gloves unavailable)
rMut   .         Stasis   .     (boots unavailable)
MR     .....                    (no amulet)
Stlth  +.........               (no ring)
                                (no ring)

@: corroded equipment, repel missiles, very slow, not resistant to hostile
enchantments, very unstealthy
A: unfitting armour, slimy green scales 1, tough skin 1
a: Bend Time, Renounce Religion


You were on level 5 of the Dungeon.
You worshipped Cheibriados.
Cheibriados was aware of your devotion.
You were not hungry.

You visited 2 branches of the dungeon, and saw 6 of its levels.

You collected 385 gold pieces.
You spent 149 gold pieces at shops.

Inventory:

Hand weapons
 f - a +3 flail of protection (weapon)
 g - a +6 club
 m - a +0 blowgun
 o - a +1 morningstar of flaming
Missiles
 j - 18 poisoned needles
 q - a throwing net (quivered)
Armour
 a - a +0 robe (worn)
 b - a +1 hat (worn)
Magical devices
 h - a wand of slowing (27)
Scrolls
 e - a scroll of teleportation
 i - a scroll of amnesia
 l - 2 scrolls of magic mapping
 n - a scroll of enchant weapon
 r - a scroll of blinking
Potions
 k - a potion of lignification
 p - a potion of curing
 t - a potion of resistance
Books
 c - a book of Minor Magic

   Spells                             Type                      Level
   a - Magic Dart                     Conjuration                  1
   b - Blink                          Translocation                2
   c - Call Imp                       Summoning                    2
   d - Repel Missiles                 Charms/Air                   2
   e - Slow                           Hexes                        2
   f - Conjure Flame                  Conjuration/Fire             3
   g - Mephitic Cloud                 Conjuration/Poison/Air       3
Comestibles
 d - 3 bread rations


   Skills:
 - Level 4.6 Fighting
 * Level 9.3 Maces & Flails
 - Level 2.0 Dodging
 - Level 1.5 Stealth
 - Level 3.6 Spellcasting
 - Level 0.6 Conjurations
 + Level 0.5 Charms
   Level 0.6 Summonings
 + Level 0.6 Translocations
 + Level 1.0 Air Magic


You had 2 spell levels left.
You knew the following spells:

 Your Spells              Type           Power        Failure   Level  Hunger
a - Magic Dart            Conj           #...         10%         1    None
b - Blink                 Tloc           N/A          14%         2    ##.....
c - Repel Missiles        Chrm/Air       #.....       14%         2    ##.....
d - Conjure Flame         Conj/Fire      #.......     34%         3    ###....
e - Mephitic Cloud        Conj/Pois/Air  #.......     34%         3    ###....


Dungeon Overview and Level Annotations

Branches:
Dungeon (5/15)             Temple (1/1) D:4

Altars:
Cheibriados
Dithmenos
Elyvilon
Fedhas
Kikubaaqudgha
Makhleb
Nemelex Xobeh
Qazlal
Sif Muna
Trog
Vehumet
Xom
Yredelemnul
Zin
The Shining One
Beogh

Shops:
D:5 (


Innate Abilities, Weirdness & Mutations

You are too large for most types of armour.
You have tough skin (AC +1).
You are partially covered in slimy green scales (AC +2).


Message History

The jelly closely misses you.
You sock the jelly! The acid corrodes you!
Your hands burn!
The jelly is almost dead.
The jelly barely misses you.
You hit the jelly but do no damage.
Your hands burn!
The jelly is almost dead.
The jelly hits you.
You are splashed with acid!
The acid burns!
You hit the jelly but do no damage.
Your hands burn!
* * * LOW HITPOINT WARNING * * *
The jelly is almost dead.
The jelly hits you.
* * * LOW HITPOINT WARNING * * *
You are splashed with acid!
The acid corrodes you!
The acid burns!
* * * LOW HITPOINT WARNING * * *
You hit the jelly but do no damage.
Your hands burn!
* * * LOW HITPOINT WARNING * * *
The jelly is almost dead.
The jelly completely misses you.
You hit the jelly but do no damage.
Your hands burn!
You die...

.. #.# #.# #.# # # #.# .#.### #.#
### ...... #####.######...###
#..##. #######.....)...@J......
...... ............############
##.##.. .######..#.............#
...#... .#
#####.##########.#####..... .#
#.##########..#........
.##########.##......###...##.#...
.P#.♣...#.#...#............#.....
P≈≈.≈≈≈≈≈.....##.................
≈≈.≈≈≈≈≈......##.####.÷..........


You could see a jelly.

Vanquished Creatures
  Edmund (D:4)
  Blork the orc (D:4)
  3 hounds
  5 worker ants
  An orc priest (D:3)
  A centaur skeleton (D:5)
  A gnoll shaman (D:5)
  An orc wizard (D:3)
  A worker ant zombie (D:5)
  Robin (D:2)
  8 adders
  7 gnolls
  An ooze (D:2)
  An adder skeleton (D:5)
  6 worms
  3 giant geckos
  7 orcs (D:3)
  6 bats
  16 goblins
  13 hobgoblins
  8 jackals
  9 kobolds
  4 quokkas
  3 ball pythons
  9 giant cockroaches
  5 giant newts
  A quokka skeleton (D:4)
  11 rats
134 creatures vanquished.

Notes
Turn   | Place    | Note
--------------------------------------------------------------
     0 | D:1      | wvc the Ogre Wizard began the quest for the Orb.
     0 | D:1      | Reached XP level 1. HP: 16/16 MP: 5/5
   171 | D:1      | Reached skill level 1 in Maces & Flails
   202 | D:1      | Reached skill level 1 in Fighting
   239 | D:1      | Reached XP level 2. HP: 27/27 MP: 3/6
   632 | D:1      | Learned a level 2 spell: Blink
   635 | D:1      | Learned a level 2 spell: Repel Missiles
   807 | D:1      | Reached XP level 3. HP: 33/33 MP: 2/8
  1821 | D:2      | Reached XP level 4. HP: 36/42 MP: 3/9
  2760 | D:2      | Reached skill level 4 in Maces & Flails
  3130 | D:2      | Noticed Robin
  3187 | D:2      | Gained mutation: Armour fits poorly on your strangely shaped body. [potion of mutation]
  3187 | D:2      | Gained mutation: You are partially covered in slimy green scales (AC +2). [potion of mutation]
  3187 | D:2      | Lost mutation: Armour fits poorly on your strangely shaped body. [potion of mutation]
  3206 | D:2      | Killed Robin
  3206 | D:2      | Reached XP level 5. HP: 12/50 MP: 1/10
  4065 | D:3      | Reached skill level 5 in Maces & Flails
  4093 | D:3      | Found a roughly hewn altar of Beogh.
  4156 | D:3      | Reached XP level 6. HP: 21/62 MP: 5/11
  4657 | D:4      | Noticed Blork the orc
  4731 | D:4      | Found a stormy altar of Qazlal.
  4753 | D:4      | Reached skill level 6 in Maces & Flails
  4811 | D:4      | Found a blossoming altar of Fedhas.
  5259 | D:4      | Found a staircase to the Ecumenical Temple.
  5269 | Temple   | Entered the Ecumenical Temple
  5352 | Temple   | Became a worshipper of Cheibriados the Contemplative
  5597 | D:4      | Killed Blork the orc
  5597 | D:4      | Reached skill level 1 in Air Magic
  5907 | D:4      | Reached XP level 7. HP: 42/71 MP: 9/12
  6053 | D:4      | Reached skill level 7 in Maces & Flails
  6090 | D:4      | Noticed Edmund
  6581 | D:4      | Killed Edmund
  6581 | D:4      | Reached skill level 8 in Maces & Flails
  7003 | D:4      | Learned a level 3 spell: Conjure Flame
  7007 | D:4      | Learned a level 3 spell: Mephitic Cloud
  7021 | D:5      | Entered Level 5 of the Dungeon
  7037 | D:5      | Found Ilenaoq's Antique Weapon Shoppe.
  7052 | D:5      | Bought a blowgun for 57 gold pieces
  7052 | D:5      | Bought a glowing morningstar for 92 gold pieces
  7548 | D:5      | Acquired Cheibriados's first power
  7684 | D:5      | Reached skill level 9 in Maces & Flails
  7989 | D:5      | HP: 3/71 [acid (4)]
  7990 | D:5      | Splashed by a jelly's acid

Vault maps used:
D:1:      eino_arrival_cavern_c
D:2:      uniq_robin
D:3:      serial_corexii_hall, corexii_hall_statues_t, corexii_hall_statues_s,
          kennysheep_orc_chapel
D:4:      grunt_qazlal_sundering, minmay_temple_entry_poolview, first_bread,
          fedhas_altar_2, uniq_edmund, uniq_blork_the_orc
D:5:      serial_shops, nicolae_shop_stone, serial_bayou_pond_b
Temple:   minmay_temple_curvy_14

Action                   |  1- 3 |  4- 6 |  7- 9 || total
-------------------------+-------+-------+-------++-------
Melee: Club              |    64 |   278 |    28 ||   370
       Flail             |       |       |   104 ||   104
       Morningstar       |       |       |    25 ||    25
 Cast: Magic Dart        |    77 |    98 |     6 ||   181
       Repel Missiles    |     1 |     1 |       ||     2
  Use: Potion            |       |     6 |     1 ||     7
       Scroll            |       |     8 |     4 ||    12
 Stab: Sleeping          |       |     1 |       ||     1
  Eat: Chunk             |     2 |     6 |       ||     8
       Pizza             |     1 |     1 |       ||     2
       Fruit             |     1 |       |     5 ||     6
       Meat ration       |       |     1 |       ||     1
       Bread ration      |       |       |     1 ||     1
